AoeStats
← Der_BastiFantasti

Arabia

510587786Analyzed
1v1 RM · 13h ago on Oct 1, 2026· 48m 32s· 2 players
Game mode
Random Map
Map size
Tiny (2 player)
Population
200
Speed
Normal
Resources
Standard
Victory
Conquest
Starting age
Dark Age
Ending age
Imperial Age
RankedLock teamsTeams togetherTeam positionsShared explorationLock speedFull tech treeHidden civsTurbo modeCheats
Victory
Defeat
🇲🇽 Spanish · Mexico
1082
+15
🇩🇪 Romans · Germany
1068
-15
Der_BastiFantasti
11:16 Feudal Age
11:59 Double-Bit Axe
11:57 Horse Collar
12:11 Man-at-Arms
14:26 Forging
15:09 Scale Mail Armor
22:23 Castle Age
22:02 Gold Mining
22:12 Stone Mining
25:27 Bow Saw
29:10 Long Swordsman
29:50 Squires
32:35 Fletching
33:36 Gold Shaft Mining
33:39 Wheelbarrow
35:48 Husbandry
36:01 Bloodlines
36:32 Scale Barding Armor
37:33 Ballistas
38:31 Ballistics
38:23 Town Watch
42:03 Imperial Age
40:56 Heavy Plow
42:25 Chain Barding Armor
42:41 Iron Casting
43:26 Heavy Scorpion
46:51 Conscription
El porro
3:20 Loom
10:24 Feudal Age
10:29 Man-at-Arms
11:37 Double-Bit Axe
12:49 Scale Mail Armor
12:59 Forging
15:02 Town Watch
15:39 Fletching
17:11 Horse Collar
21:13 Padded Archer Armor
24:18 Castle Age
25:33 Bow Saw
25:32 Town Patrol
25:57 Bodkin Arrow
26:18 Leather Archer Armor
26:55 Husbandry
28:30 Bloodlines
28:37 Gold Mining
32:02 Wheelbarrow
33:18 Scale Barding Armor
38:58 Imperial Age
38:31 Hand Cart
39:10 Redemption
39:47 Stone Mining
40:40 Ring Archer Armor
40:10 Bracer
40:46 Iron Casting
41:36 Chemistry
42:01 Chain Barding Armor
41:07 Light Cavalry
42:52 Pikeman
44:33 Blast Furnace
44:09 Conscription
43:12 Elite Conquistador
44:15 Heavy Plow
45:12 Ballistics
44:48 Murder Holes
47:02 Hussar
48:20 Plate Barding Armor
Connection lost

Rejoining the realm…

Still unreachable

The connection could not be restored.

Session expired

The server has moved on; the page needs a fresh start.